[Event "Titled Tuesday Blitz June 20 Early 2023"]
[White "Hartikainen, Jarmo"]
[Black "Novikova, Galina"]
[WhiteFideId "503134"]
[BlackFideId "4157095"]
[WhiteElo "2146"]
[BlackElo "1953"]
[Result "0-1"]
[Round "5"]
[TimeControl "180+2"]
[Date "2023.06.20"]
[WhiteClock "0:00:02"]
[BlackClock "0:00:33"]
[Board "189"]

1. e4 e6 2. d4 d5 3. Nd2 Nc6 4. Ngf3 g5 5. Bb5 Bd7 6. c3 Qf6 7. e5 Qg7 8. Bd3 g4 9. Ng1 f6 10. f4 gxf3 11. Ngxf3 fxe5 12. Nxe5 Nxe5 13. dxe5 Qxe5+ 14. Qe2 Qxe2+ 15. Kxe2 Nf6 16. Rf1 Be7 17. Nf3 O-O-O 18. Bf4 Rhf8 19. Rae1 Nh5 20. Bh6 Nf4+ 21. Bxf4 Rxf4 22. Ne5 Rxf1 23. Rxf1 h5 24. g3 Bd6 25. Nf7 Rg8 26. Nxd6+ cxd6 27. Rf7 h4 28. Kf2 hxg3+ 29. hxg3 e5 30. Be2 Kd8 31. Rh7 Rf8+ 32. Ke3 a6 33. g4 Rg8 34. Rh6 Kc7 35. Rh7 Kc6 36. Rh4 a5 37. b3 b5 38. a4 bxa4 39. bxa4 Kc5 40. Bb5 Bxb5 41. axb5 Kxb5 42. Rh6 Kc5 43. Rh7 Rxg4 44. Ra7 Kb6 45. Kd3 Rg3+ 46. Kc2 Kxa7 47. Kb3 Kb6 48. Ka4 Kc5 49. Kb3 a4+ 50. Kxa4 Rxc3 0-1


[Site "https://www.chess.com"]

[Event "Titled Tuesday Blitz June 20 Early 2023"]
[White "Winkels, Marcel"]
[Black "Zia, Tahsin Tajwar"]
[WhiteFideId "1003887"]
[BlackFideId "10211888"]
[WhiteElo "1900"]
[BlackElo "2062"]
[Result "0-1"]
[Round "5"]
[TimeControl "180+2"]
[Date "2023.06.20"]
[WhiteClock "0:00:00"]
[BlackClock "0:00:38"]
[Board "190"]

1. e4 c6 2. d4 d5 3. e5 a6 4. c4 dxc4 5. Bxc4 b5 6. Bb3 e6 7. Nf3 Bb7 8. O-O Nd7 9. Nc3 Nb6 10. Bg5 Qd7 11. Ne4 h6 12. Be3 Nd5 13. Rc1 a5 14. a3 Be7 15. Nc5 Bxc5 16. Rxc5 Nge7 17. Nd2 Nf5 18. Qe2 O-O 19. Ne4 b4 20. Bc4 bxa3 21. bxa3 Kh8 22. Rb1 Rfb8 23. Qe1 Bc8 24. Bf1 Rxb1 25. Qxb1 Qa7 26. Rc2 Ba6 27. Rxc6 Bxf1 28. Qxf1 Ndxe3 29. fxe3 Nxe3 30. Qa1 Rb8 31. h3 Qb7 0-1


[Site "https://www.chess.com"]

[Event "Titled Tuesday Blitz June 20 Early 2023"]
[White "Baruch, Liam"]
[Black "TomLiu777"]
[WhiteFideId "14322064"]
[WhiteElo "2118"]
[BlackElo "2378"]
[Result "0-1"]
[Round "5"]
[TimeControl "180+2"]
[Date "2023.06.20"]
[WhiteClock "0:00:01"]
[BlackClock "0:00:52"]
[Board "191"]

1. e4 d6 2. d4 g6 3. Nc3 Bg7 4. Be3 Nf6 5. Qd2 Ng4 6. Bg5 h6 7. Bf4 e5 8. dxe5 dxe5 9. Qxd8+ Kxd8 10. O-O-O+ Nd7 11. Bg3 h5 12. h3 Nh6 13. Nf3 f6 14. Bc4 c6 15. Bb3 Ke7 16. Nh4 Nf8 17. Rd3 g5 18. Nf3 Nf7 19. Rhd1 Be6 20. Bxe6 Kxe6 21. h4 g4 22. Nd2 Ng6 23. Nc4 Bh6+ 24. Kb1 Rhd8 25. Na5 Rxd3 26. Rxd3 Nd6 27. Na4 b6 28. Nxc6 Nxe4 29. Nc3 Nxc3+ 30. Rxc3 f5 31. f3 Bd2 32. Rd3 Bf4 33. Be1 e4 34. fxe4 fxe4 35. Rd4 Kf5 36. Rd5+ Ne5 37. Nxe5 Bxe5 38. Bg3 Re8 39. Kc1 Kf6 40. Bxe5+ Rxe5 41. Rd6+ Kf5 42. Kd2 Kf4 43. Ke2 Kg3 44. Rd7 Kxg2 45. Rxa7 Kh2 46. a4 g3 47. b4 g2 0-1


[Site "https://www.chess.com"]

[Event "Titled Tuesday Blitz June 20 Early 2023"]
[White "Lalanne, Pablo"]
[Black "Sailer, Mike"]
[WhiteFideId "112151"]
[BlackFideId "2012901"]
[WhiteElo "2120"]
[BlackElo "2109"]
[Result "1-0"]
[Round "5"]
[TimeControl "180+2"]
[Date "2023.06.20"]
[WhiteClock "0:00:26"]
[BlackClock "0:00:00"]
[Board "192"]

1. e4 d5 2. exd5 Qxd5 3. Nc3 Qd6 4. d4 Nf6 5. Nf3 c6 6. Ne5 Nbd7 7. Nc4 Qc7 8. g3 Nb6 9. Bf4 Qd8 10. Ne5 Bf5 11. Bg2 e6 12. O-O h6 13. a4 a5 14. h3 Be7 15. g4 Bh7 16. Qe2 O-O 17. Rad1 Nbd5 18. Nxd5 Nxd5 19. Bd2 Nb6 20. Be3 Nxa4 21. c4 Nb6 22. d5 cxd5 23. Bxb6 Qxb6 24. Nd7 Qb3 25. Nxf8 Bxf8 26. cxd5 exd5 27. Rxd5 Bb4 28. Rd7 Bg6 29. Bxb7 Rb8 30. Bg2 a4 31. Rfd1 a3 32. bxa3 Bxa3 33. Rd8+ Rxd8 34. Rxd8+ Kh7 35. Kh2 Bb2 36. f4 Qb6 37. Rd2 Bd4 38. f5 Bg1+ 39. Kh1 Qb1 40. Rd1 1-0


[Site "https://www.chess.com"]

[Event "Titled Tuesday Blitz June 20 Early 2023"]
[White "Petrova, Irina"]
[Black "Blackwhite017"]
[WhiteFideId "14124122"]
[WhiteElo "2084"]
[BlackElo "2120"]
[Result "1-0"]
[Round "5"]
[TimeControl "180+2"]
[Date "2023.06.20"]
[WhiteClock "0:01:47"]
[BlackClock "0:01:09"]
[Board "193"]

1. e4 c5 2. Nf3 d6 3. Bb5+ Nd7 4. O-O g6 5. d4 cxd4 6. Qxd4 Nf6 7. c4 Bg7 8. Nc3 O-O 9. Qd1 a6 10. Ba4 Nc5 11. Bc2 Be6 12. Nd4 Qc8 13. b3 Nfd7 14. Be3 Rb8 15. Rc1 Ne5 16. f3 Nc6 17. Nd5 Nxd4 18. Nxe7+ 1-0


[Site "https://www.chess.com"]

[Event "Titled Tuesday Blitz June 20 Early 2023"]
[White "Topalov, Aleksandar"]
[Black "Torres Dominguez, David"]
[WhiteFideId "925659"]
[BlackFideId "2220857"]
[WhiteElo "2151"]
[BlackElo "1999"]
[Result "1-0"]
[Round "5"]
[TimeControl "180+2"]
[Date "2023.06.20"]
[WhiteClock "0:00:03"]
[BlackClock "0:00:00"]
[Board "194"]

1. b3 Nf6 2. Bb2 g6 3. Bxf6 exf6 4. c4 Bg7 5. Nc3 O-O 6. e3 Nc6 7. d4 Ne7 8. Nge2 d5 9. g3 c6 10. Bg2 Be6 11. Qd3 Bf5 12. Qd2 Qd7 13. cxd5 Nxd5 14. Nxd5 cxd5 15. Nc3 Be6 16. O-O Rac8 17. Rac1 Rfd8 18. Na4 b6 19. Nc3 Bh3 20. Bxh3 Qxh3 21. Qe2 Qd7 22. Qb5 Qxb5 23. Nxb5 a6 24. Na7 Rxc1 25. Rxc1 Rd7 26. Nc8 b5 27. Rc6 Bf8 28. Nb6 Rd8 29. Kg2 Kg7 30. Rc7 Rd6 31. Rb7 Rc6 32. Nxd5 Rc2 33. a4 bxa4 34. bxa4 Rc4 35. a5 Ra4 36. Nc7 Rxa5 37. Ra7 Bd6 38. Nxa6 Bb8 39. Ra8 Bd6 40. f4 f5 41. Kf3 Ra3 42. h4 h5 43. Nc7 Rxa8 44. Nxa8 Kf6 45. Nb6 Ba3 46. Nc4 1-0


[Site "https://www.chess.com"]

[Event "Titled Tuesday Blitz June 20 Early 2023"]
[White "Melikhov, Evgeny V."]
[Black "Aung Thant Zin"]
[WhiteFideId "4122046"]
[BlackFideId "13000063"]
[WhiteElo "2158"]
[BlackElo "2278"]
[Result "1-0"]
[Round "5"]
[TimeControl "180+2"]
[Date "2023.06.20"]
[WhiteClock "0:00:32"]
[BlackClock "0:00:00"]
[Board "195"]

1. d4 Nf6 2. c4 e6 3. Nc3 Bb4 4. Qc2 c5 5. dxc5 Na6 6. a3 Bxc3+ 7. Qxc3 Nxc5 8. f3 d6 9. b4 Ncd7 10. e4 O-O 11. Be3 Qc7 12. Ne2 d5 13. cxd5 Qxc3+ 14. Nxc3 exd5 15. Nxd5 Nxd5 16. exd5 Re8 17. Kf2 Nf6 18. Bc4 Bd7 19. Bb3 Rac8 20. Rac1 h6 21. Rxc8 Bxc8 22. Bxa7 Rd8 23. Rd1 Bd7 24. Bc5 Ra8 25. Ra1 b5 26. Bd4 Ne8 27. Bb2 Nd6 28. Rc1 Ra7 29. Rc5 f6 30. g4 Kf8 31. h4 Ke7 32. h5 Nb7 33. Rc1 Kd6 34. Kg3 Nd8 35. f4 Nf7 36. Kh4 Ra8 37. Bd4 Rxa3 38. Bc5+ Kc7 39. Bf8+ Kd8 40. Rc3 Ke8 41. Bxg7 Ke7 42. Re3+ Kd6 43. Bxf6 Kc7 44. g5 hxg5+ 45. fxg5 Nd6 46. Be5 Bf5 47. Rc3+ Kd7 48. Bxd6 Kxd6 49. g6 Be4 50. Kg5 Bxd5 51. Bxd5 Rxc3 52. Be4 Ke5 53. h6 Rg3+ 54. Kh4 Kf4 55. h7 Rg4+ 56. Kh5 1-0


[Site "https://www.chess.com"]

[Event "Titled Tuesday Blitz June 20 Early 2023"]
[White "Sanchez, Robert"]
[Black "Dwilewicz, Katarzyna"]
[WhiteFideId "2034360"]
[BlackFideId "1148486"]
[WhiteElo "2001"]
[BlackElo "2098"]
[Result "1-0"]
[Round "5"]
[TimeControl "180+2"]
[Date "2023.06.20"]
[WhiteClock "0:00:05"]
[BlackClock "0:00:05"]
[Board "196"]

1. e4 c5 2. Nf3 d6 3. d4 cxd4 4. Nxd4 Nf6 5. Nc3 a6 6. Be3 e6 7. f3 Be7 8. Qd2 b5 9. O-O-O Bb7 10. g4 Nc6 11. Nxc6 Bxc6 12. h4 Qc7 13. Kb1 b4 14. Ne2 d5 15. e5 Nd7 16. Nd4 Nxe5 17. Bf4 Bd6 18. Bxe5 Bxe5 19. g5 a5 20. h5 Bf4 21. Qg2 a4 22. g6 hxg6 23. hxg6 Rxh1 24. Qxh1 Bh6 25. gxf7+ Kxf7 26. Qh5+ Ke7 27. Re1 Bd7 28. Nf5+ Kd8 29. Nxh6 gxh6 30. Qxh6 Kc8 31. Qf8+ Kb7 32. Qxb4+ Qb6 33. Qe7 Qc6 34. a3 Rc8 35. Bd3 Kb8 36. f4 Rc7 37. Qf8+ Ka7 38. Rg1 Rb7 39. Rg8 Kb6 40. Qb4+ Kc7 41. Qa5+ Qb6 42. Qxb6+ Kxb6 43. b4 axb3 44. cxb3 Kc5 45. Kb2 Kd4 46. Bc2 Bb5 47. Rg6 Bd7 48. Rg7 Rc7 49. a4 Rb7 50. a5 Kc5 51. Ka3 Ra7 52. b4+ Kd6 53. Ba4 d4 54. Bxd7 d3 55. Kb2 Rc7 56. Rg1 Rxd7 57. Rd1 Kc6 58. Kc3 Kb5 59. Rxd3 Rc7+ 60. Kb3 Rf7 61. Rd4 Rg7 62. Re4 Rg3+ 63. Kb2 Rg6 64. Re5+ Kxb4 65. a6 Rg2+ 66. Kc1 Kc3 67. Kd1 Ra2 68. Rxe6 Kd3 69. Ke1 Kc3 70. f5 Ra5 71. f6 Rf5 72. a7 Ra5 73. Re7 Ra1+ 74. Kf2 Ra2+ 75. Ke3 Kc4 76. Kf4 Ra1 77. f7 Rf1+ 78. Ke5 Kc5 79. a8=Q Re1+ 80. Kf6 1-0


[Site "https://www.chess.com"]

[Event "Titled Tuesday Blitz June 20 Early 2023"]
[White "Castillo Pena, Patricia Evarista"]
[Black "arenal72"]
[WhiteFideId "6412106"]
[WhiteElo "1859"]
[BlackElo "2359"]
[Result "0-1"]
[Round "5"]
[TimeControl "180+2"]
[Date "2023.06.20"]
[WhiteClock "0:00:00"]
[BlackClock "0:00:23"]
[Board "197"]

1. d4 g6 2. e4 Bg7 3. Nf3 d6 4. Nc3 Nf6 5. Be3 a6 6. Qd2 b5 7. a3 Bb7 8. Bd3 O-O 9. O-O Nbd7 10. Rfe1 c5 11. Bh6 cxd4 12. Nxd4 Nc5 13. Bxg7 Kxg7 14. Qg5 e5 15. Nf5+ Kh8 16. Ng3 Ne6 17. Qd2 Rc8 18. Rad1 Qb6 19. Nd5 Bxd5 20. exd5 Nf4 21. c3 Kg7 22. Be4 Rc5 23. Qe3 Qc7 24. Bf3 N6xd5 25. Bxd5 Rxd5 26. Ne4 Rxd1 27. Rxd1 d5 28. Ng5 h6 29. Nf3 e4 30. Nd4 Nd3 31. Rd2 Re8 32. Qg3 Qxg3 33. hxg3 f5 34. Nc6 Kf6 35. Nb4 Nxb4 36. axb4 Ke5 37. Kf1 Ra8 38. Ke2 a5 39. bxa5 Rxa5 40. Ke3 Ra1 0-1


[Site "https://www.chess.com"]

[Event "Titled Tuesday Blitz June 20 Early 2023"]
[White "luachess1"]
[Black "Spichkin, Alexander"]
[BlackFideId "4144074"]
[WhiteElo "1618"]
[BlackElo "1986"]
[Result "0-1"]
[Round "5"]
[TimeControl "180+2"]
[Date "2023.06.20"]
[WhiteClock "0:00:59"]
[BlackClock "0:01:38"]
[Board "198"]

1. d4 e6 2. c4 f5 3. Nc3 Nf6 4. Bg5 Bb4 5. Qc2 O-O 6. Nf3 b6 7. e3 Bb7 8. Be2 h6 9. Bh4 Qe8 10. O-O Bxc3 11. bxc3 d6 12. Nd2 Qg6 13. Bf3 Ne4 14. Bxe4 fxe4 15. Bg3 Nd7 16. Rab1 d5 17. c5 Ba6 18. Rfe1 Bd3 19. Qb2 Bxb1 20. Rxb1 bxc5 21. Bxc7 cxd4 22. cxd4 Rfc8 23. Bd6 Nb6 24. Bc5 Rab8 25. Qa3 Nc4 26. Rxb8 Rxb8 27. Bb4 Nxd2 28. Bxd2 Rb1+ 29. Bc1 Qh5 0-1


[Site "https://www.chess.com"]

[Event "Titled Tuesday Blitz June 20 Early 2023"]
[White "Sovetbekova, Nurai"]
[Black "Butti, Enrique"]
[WhiteFideId "13801910"]
[BlackFideId "3700470"]
[WhiteElo "1857"]
[BlackElo "2080"]
[Result "1-0"]
[Round "5"]
[TimeControl "180+2"]
[Date "2023.06.20"]
[WhiteClock "0:00:09"]
[BlackClock "0:00:09"]
[Board "200"]

1. d4 Nf6 2. c4 e6 3. Nc3 Bb4 4. e3 b6 5. Bd2 Bb7 6. Nf3 O-O 7. Bd3 Bxc3 8. Bxc3 Ne4 9. O-O f5 10. Nd2 Qh4 11. f3 Nxc3 12. bxc3 Rf6 13. e4 Rh6 14. h3 f4 15. Qe1 Qg5 16. Kh1 Nc6 17. e5 Na5 18. Ne4 Qe7 19. c5 Rf8 20. cxb6 axb6 21. Nf2 Rh4 22. c4 Qg5 23. Ne4 Qh6 24. Nf2 Ba6 25. Rc1 g5 26. Ng4 Qg7 27. Qe4 Bb7 28. Qe2 h5 29. Nf6+ Rxf6 30. exf6 Qxf6 31. Qf2 g4 32. fxg4 hxg4 33. Qxf4 Qxf4 34. Rxf4 Rxh3+ 35. Kg1 Rxd3 36. Rxg4+ Kf7 37. Rf1+ Ke7 38. c5 Bd5 39. Rg7+ Ke8 40. Rg8+ Ke7 41. Rg7+ Ke8 42. Rff7 Nc6 43. Rxd7 Rxd4 44. Rxc7 bxc5 45. Rg8# 1-0


[Site "https://www.chess.com"]

[Event "Titled Tuesday Blitz June 20 Early 2023"]
[White "le-castor-faineant"]
[Black "Mayaud, Raphael"]
[BlackFideId "627151"]
[WhiteElo "2145"]
[BlackElo "2191"]
[Result "1/2-1/2"]
[Round "5"]
[TimeControl "180+2"]
[Date "2023.06.20"]
[WhiteClock "0:00:39"]
[BlackClock "0:00:10"]
[Board "201"]

1. e4 d5 2. exd5 Qxd5 3. Nc3 Qa5 4. Nf3 c6 5. d4 Nf6 6. Bc4 Bf5 7. O-O e6 8. Bg5 Bg4 9. Bxf6 gxf6 10. h3 Bh5 11. Ne4 Nd7 12. c3 O-O-O 13. b4 Qc7 14. Ng3 Bg6 15. a4 Bd6 16. Ne2 Bh5 17. Nc1 Rhg8 18. Kh1 Rg7 19. Nd3 Rdg8 20. Rg1 f5 21. Nc5 Bxc5 22. bxc5 Qf4 23. Be2 Nf6 24. Ne5 Bxe2 25. Qxe2 Ne4 26. Ra2 Nxc3 27. Qd2 Qxd2 28. Rxd2 Ne4 29. Rb2 f6 30. Nc4 f4 31. f3 Ng3+ 32. Kh2 Rd8 33. Nd6+ Rxd6 34. cxd6 Nf5 35. Rb4 Rd7 36. d5 cxd5 37. Rxf4 Rxd6 38. Rc1+ Rc6 39. Rxc6+ bxc6 40. g4 Nd4 41. Rxf6 c5 42. f4 c4 43. f5 c3 44. fxe6 c2 45. Rf8+ Kc7 46. e7 c1=Q 47. e8=Q Qd2+ 48. Kg3 Ne2+ 49. Kf3 Nd4+ 50. Kg3 Ne2+ 51. Kf3 Nd4+ 52. Kg3 1/2-1/2


[Site "https://www.chess.com"]

[Event "Titled Tuesday Blitz June 20 Early 2023"]
[White "Kohler, Aran"]
[Black "Cardenas Carbajal, Nilson"]
[WhiteFideId "1002856"]
[BlackFideId "8401128"]
[WhiteElo "2300"]
[BlackElo "1972"]
[Result "1-0"]
[Round "5"]
[TimeControl "180+2"]
[Date "2023.06.20"]
[WhiteClock "0:00:37"]
[BlackClock "0:00:05"]
[Board "202"]

1. d4 Nf6 2. c3 g6 3. Bg5 Bg7 4. Nd2 d5 5. e3 O-O 6. f4 b6 7. Ngf3 Ba6 8. Bxa6 Nxa6 9. Ne5 Nb8 10. O-O c5 11. Qf3 Qd6 12. e4 Nxe4 13. Nxe4 dxe4 14. Qxe4 f6 15. Nc4 Qc6 16. d5 Qb7 17. Qe6+ Kh8 18. Bh4 Na6 19. Rae1 Rae8 20. d6 exd6 21. Qxe8 Rxe8 22. Rxe8+ Bf8 23. Rxf8+ Kg7 24. Nxd6 Qd5 25. Rf7+ Kg8 26. Rxf6 Nc7 27. Re1 b5 28. h3 b4 29. cxb4 cxb4 30. Re7 Qd4+ 31. Kh2 Nd5 32. Re8+ Kg7 33. Rf7+ Kh6 34. Bg5+ Kh5 35. g4# 1-0


[Site "https://www.chess.com"]

[Event "Titled Tuesday Blitz June 20 Early 2023"]
[White "Maluco_do_Natal_00"]
[Black "Xavier_mompel"]
[WhiteElo "2105"]
[BlackElo "2222"]
[Result "0-1"]
[Round "5"]
[TimeControl "180+2"]
[Date "2023.06.20"]
[WhiteClock "0:00:19"]
[BlackClock "0:00:15"]
[Board "203"]

1. e4 c5 2. Nf3 e6 3. d4 cxd4 4. Nxd4 Nc6 5. Nc3 Qc7 6. Ndb5 Qb8 7. a3 a6 8. Nd4 Qc7 9. Be3 Nf6 10. Be2 Be7 11. Qd2 O-O 12. f4 d6 13. O-O Nxd4 14. Bxd4 e5 15. Be3 exf4 16. Bxf4 Be6 17. Kh1 Rfd8 18. Rad1 Rac8 19. h3 b5 20. Bd3 Nd7 21. Nd5 Bxd5 22. exd5 Ne5 23. Bf5 Rb8 24. b3 Bf6 25. Rc1 g6 26. Be4 Bg7 27. Bh6 Qd7 28. Bxg7 Kxg7 29. Qf4 f5 30. Bf3 Rf8 31. Qd4 Rbe8 32. c4 bxc4 33. bxc4 Kg8 34. c5 dxc5 35. Qxc5 Rc8 36. Qf2 Rxc1 37. Rxc1 Nd3 38. Qa2 Nxc1 0-1


[Site "https://www.chess.com"]

[Event "Titled Tuesday Blitz June 20 Early 2023"]
[White "Zallio, Luciano de Souza"]
[Black "Skiadopoulos, Nikolaos"]
[WhiteFideId "2109700"]
[BlackFideId "4200772"]
[WhiteElo "2057"]
[BlackElo "2022"]
[Result "1/2-1/2"]
[Round "5"]
[TimeControl "180+2"]
[Date "2023.06.20"]
[WhiteClock "0:00:22"]
[BlackClock "0:00:13"]
[Board "204"]

1. e4 c5 2. Nf3 Nc6 3. d4 cxd4 4. Nxd4 e5 5. Nb5 d6 6. N1c3 a6 7. Na3 b5 8. Nd5 Nce7 9. c4 Nxd5 10. exd5 f5 11. cxb5 Nf6 12. bxa6 Be7 13. Bb5+ Kf7 14. O-O Bxa6 15. Bxa6 Rxa6 16. Qd3 Qa8 17. Qxf5 Qxd5 18. Bg5 Rb6 19. Rfd1 Qe6 20. Qxe6+ Kxe6 21. Bxf6 gxf6 22. Nc4 Rb4 23. b3 d5 24. Na5 Rc8 25. Rac1 Rxc1 26. Rxc1 Bd6 27. a3 Re4 28. b4 Re2 29. Ra1 d4 30. Kf1 d3 31. Nc4 Rc2 32. Ne3 Rb2 33. Nc4 Rc2 34. Nxd6 Kxd6 35. a4 d2 36. Ke2 d1=Q+ 37. Kxd1 Rxf2 38. Rc1 Rxg2 39. b5 Rb2 40. Rc6+ Kd5 41. Rxf6 e4 42. Ra6 e3 43. b6 Ke4 44. b7 Rxb7 45. Re6+ Kd3 46. Rd6+ Ke4 47. Re6+ Kd3 48. Rd6+ Ke4 49. a5 Rb1+ 50. Ke2 Rb2+ 51. Ke1 Kf3 52. Rf6+ Ke4 53. Re6+ Kf3 54. Rf6+ Ke4 55. h4 Rb1+ 56. Ke2 Rb2+ 57. Ke1 Rb1+ 58. Ke2 Rb2+ 59. Kd1 Ra2 60. a6 Kd3 61. Rd6+ Ke4 62. Re6+ Kd3 63. Rd6+ Ke4 64. h5 Ra1+ 65. Ke2 Ra2+ 66. Ke1 Ra1+ 67. Ke2 Ra2+ 68. Kf1 Ra1+ 69. Ke2 1/2-1/2


[Site "https://www.chess.com"]

[Event "Titled Tuesday Blitz June 20 Early 2023"]
[White "Gardezi, Arsal"]
[Black "Corredor Castellanos, Camilo"]
[WhiteFideId "30949521"]
[BlackFideId "4425871"]
[WhiteElo "1906"]
[BlackElo "1994"]
[Result "0-1"]
[Round "5"]
[TimeControl "180+2"]
[Date "2023.06.20"]
[WhiteClock "0:00:26"]
[BlackClock "0:00:27"]
[Board "205"]

1. Nf3 Nf6 2. d4 e6 3. c4 d5 4. Nc3 dxc4 5. e4 b5 6. e5 Nd5 7. Nxb5 Nb6 8. Nc3 Bb7 9. Bxc4 Nxc4 10. Qa4+ Qd7 11. Qxc4 Ba6 12. Qa4 Be7 13. Qxd7+ Nxd7 14. Bf4 O-O 15. O-O-O Nb6 16. d5 exd5 17. Nxd5 Nxd5 18. Rxd5 Rfd8 19. Rhd1 Bb7 20. Rxd8+ Rxd8 21. Rxd8+ Bxd8 22. Nd4 Bxg2 23. e6 fxe6 24. Nxe6 Bf6 25. Nxc7 Bd4 26. Be3 Be5 27. Nb5 a6 28. Nd4 Bxh2 29. f4 Bd5 30. a4 Kf7 31. b4 Bg3 32. Kd2 Bh4 33. b5 axb5 34. axb5 Bd8 35. Nf5 Kf6 36. Nd4 h5 37. Bf2 Bc7 38. Bh4+ Kf7 39. Ke3 Bb6 40. Kd3 Bc7 41. Bg5 h4 42. Bxh4 Bxf4 43. b6 g5 44. Bf2 Ke7 45. Nf5+ Ke6 46. Nd4+ Kd7 47. Nf5 Be6 48. Ng7 Bf7 49. Ke4 Bg6+ 50. Kd5 Kc8 51. Ne6 Bf7 52. Bd4 Kd7 53. b7 Bxe6+ 54. Ke4 Kc7 55. Be5+ Bxe5 56. Kxe5 g4 0-1


[Site "https://www.chess.com"]

[Event "Titled Tuesday Blitz June 20 Early 2023"]
[White "Osinovsky, Stepan"]
[Black "Sanudula, K M Dahamdi"]
[WhiteFideId "4157354"]
[BlackFideId "9932470"]
[WhiteElo "2222"]
[BlackElo "1501"]
[Result "0-1"]
[Round "5"]
[TimeControl "180+2"]
[Date "2023.06.20"]
[WhiteClock "0:00:14"]
[BlackClock "0:01:25"]
[Board "206"]

1. e4 d5 2. exd5 Qxd5 3. Nc3 Qa5 4. g3 Nf6 5. Bg2 c6 6. Nge2 Bg4 7. h3 Bxe2 8. Qxe2 e6 9. d4 Bb4 10. Bd2 Nbd7 11. a3 Bxc3 12. Bxc3 Qb6 13. b3 Nd5 14. Bb2 N7f6 15. c4 Ne7 16. Qc2 Nf5 17. O-O-O O-O-O 18. Rd2 Nxd4 19. Bxd4 Rxd4 20. Rxd4 Qxd4 21. Rd1 Qa1+ 22. Kd2 Rd8+ 23. Ke1 Rxd1+ 24. Qxd1 Qxa3 25. g4 Nd7 26. Kf1 Nc5 27. Kg1 Qxb3 28. Qd6 Qxc4 29. Qf8+ Kc7 30. Qxf7+ Nd7 31. Qxg7 a5 32. Qxh7 a4 33. Bf1 Qc1 34. Qe4 a3 35. Qxe6 Qb1 36. Kg2 a2 37. Bd3 Qb2 38. Bf5 a1=Q 39. Qxd7+ Kb6 40. Qd8+ Kb5 41. Bd3+ Kb4 42. Qb6+ Kc3 43. Bf1 Qxb6 0-1


[Site "https://www.chess.com"]

[Event "Titled Tuesday Blitz June 20 Early 2023"]
[White "zano2023"]
[Black "Manon-og, Ramon Jr."]
[BlackFideId "5200776"]
[WhiteElo "2168"]
[BlackElo "2329"]
[Result "0-1"]
[Round "5"]
[TimeControl "180+2"]
[Date "2023.06.20"]
[WhiteClock "0:00:57"]
[BlackClock "0:01:24"]
[Board "207"]

1. d4 Nf6 2. Nd2 d5 3. Ngf3 e6 4. e3 c5 5. c3 cxd4 6. exd4 Nc6 7. Bd3 Bd6 8. O-O h6 9. Re1 O-O 10. Nf1 Re8 11. Ng3 e5 12. dxe5 Nxe5 13. Nxe5 Bxe5 14. Be3 Bg4 15. Qd2 a6 16. Bf4 Qd6 17. Bxe5 Rxe5 18. Rxe5 Qxe5 19. Re1 Qd6 20. h3 Be6 21. Nf5 Qb6 22. Nd4 Bd7 23. Bf5 Bxf5 24. Nxf5 Rd8 25. b3 Ne4 26. Qc2 Qf6 27. Nd4 Rc8 28. Re3 Qxd4 29. Rd3 Rxc3 0-1


[Site "https://www.chess.com"]

[Event "Titled Tuesday Blitz June 20 Early 2023"]
[White "Simonovic, Miroslav"]
[Black "Eisa Mohmood, Alkhoori"]
[WhiteFideId "919152"]
[BlackFideId "9316116"]
[WhiteElo "2075"]
[BlackElo "1364"]
[Result "1-0"]
[Round "5"]
[TimeControl "180+2"]
[Date "2023.06.20"]
[WhiteClock "0:00:14"]
[BlackClock "0:00:05"]
[Board "208"]

1. d4 Nf6 2. Bg5 d5 3. Bxf6 gxf6 4. e3 c5 5. c4 dxc4 6. Bxc4 cxd4 7. exd4 Bg7 8. Ne2 f5 9. O-O e6 10. Nbc3 O-O 11. Qd2 Nc6 12. Rfd1 b6 13. d5 Ne5 14. Bb3 Qf6 15. d6 Rd8 16. f4 Nd7 17. Rac1 Bb7 18. Ng3 Qg6 19. a3 h5 20. Qe2 h4 21. Nh5 Bxg2 22. Qxg2 Qxh5 23. Kh1 h3 24. Qg3 Nc5 25. Rg1 Qh6 26. Ba2 Kh8 27. Rce1 Rxd6 28. Re3 Bxc3 29. bxc3 Ne4 30. Rxe4 fxe4 31. f5 exf5 32. Bxf7 Qh7 33. Bb3 Rad8 34. Qe5+ 1-0


[Site "https://www.chess.com"]

[Event "Titled Tuesday Blitz June 20 Early 2023"]
[White "Georg, Heinz"]
[Black "Floresvillar Gonzalez, Luis Migu"]
[WhiteFideId "4607295"]
[BlackFideId "5100542"]
[WhiteElo "2284"]
[BlackElo "2040"]
[Result "1-0"]
[Round "5"]
[TimeControl "180+2"]
[Date "2023.06.20"]
[WhiteClock "0:00:15"]
[BlackClock "0:00:12"]
[Board "209"]

1. e4 e6 2. c4 d5 3. cxd5 exd5 4. exd5 Nf6 5. Nc3 Nxd5 6. Bc4 Be6 7. Qb3 Nc6 8. Bxd5 Na5 9. Qa4+ b5 10. Qxb5+ c6 11. Bxc6+ Nxc6 12. Qxc6+ Bd7 13. Qe4+ Be6 14. Nf3 Be7 15. O-O O-O 16. d4 Rc8 17. d5 Bd7 18. Re1 Bf6 19. Bd2 Re8 20. Qd3 Bg4 21. Rxe8+ Qxe8 22. Re1 Qd7 23. h3 Bxh3 24. gxh3 Qxh3 25. Ne5 Qh5 26. Bf4 g6 27. Qg3 Rd8 28. Ne4 Bh4 29. Qg4 Qxg4+ 30. Nxg4 f5 31. Bc7 Rc8 32. d6 fxe4 33. Ne5 Rf8 34. Rxe4 Bxf2+ 35. Kg2 Bc5 36. d7 Be7 37. Nxg6 Rf6 38. Nxe7+ Kf7 39. d8=Q Rg6+ 1-0


[Site "https://www.chess.com"]

[Event "Titled Tuesday Blitz June 20 Early 2023"]
[White "Alberto, Manuel"]
[Black "Modric, Nesa"]
[WhiteFideId "10100148"]
[BlackFideId "922579"]
[WhiteElo "2166"]
[BlackElo "2167"]
[Result "1-0"]
[Round "5"]
[TimeControl "180+2"]
[Date "2023.06.20"]
[WhiteClock "0:00:42"]
[BlackClock "0:00:00"]
[Board "210"]

1. e4 d5 2. exd5 Qxd5 3. Nc3 Qa5 4. d4 c6 5. Nf3 Nf6 6. Ne5 Nbd7 7. Nc4 Qd8 8. Bf4 Nb6 9. Ne5 Be6 10. a4 g6 11. a5 Nbd5 12. Nxd5 Nxd5 13. Bg3 a6 14. Qd2 Bg7 15. c4 Nf6 16. Qe3 O-O 17. Be2 Nd7 18. h4 Nxe5 19. dxe5 Qc7 20. h5 Rad8 21. Kf1 c5 22. Rh4 Rd7 23. Kg1 Rfd8 24. hxg6 hxg6 25. Kh2 Rd4 26. f4 Bxc4 27. Bxc4 Rxc4 28. Rh1 Rcd4 29. e6 Rd3 30. exf7+ Kxf7 31. Qe4 Qc6 32. Qxc6 bxc6 33. Rc1 R8d5 34. Rc2 Rd2 35. Rxd2 Rxd2 36. b3 Rd3 37. f5 gxf5 38. Rc4 Bd4 39. Bd6 Rxb3 40. Bxc5 Bxc5 41. Rxc5 Rb5 42. Rxc6 Rxa5 43. Kg3 e6 44. Kf4 Kf6 45. Rb6 Ra4+ 46. Kf3 Re4 47. Rxa6 Rb4 48. Ra5 Rb3+ 49. Kf4 Rb2 50. Kf3 e5 51. Ra6+ Kg5 52. Ra8 Rb3+ 53. Kf2 Kf4 54. Ra4+ e4 55. Ra2 Kg4 56. Rc2 f4 57. Ra2 1-0


[Site "https://www.chess.com"]

[Event "Titled Tuesday Blitz June 20 Early 2023"]
[White "Polanco Nunez, Yoel Estarling"]
[Black "Milovic, Aleksandra"]
[WhiteFideId "6401783"]
[BlackFideId "933988"]
[WhiteElo "2132"]
[BlackElo "2000"]
[Result "1-0"]
[Round "5"]
[TimeControl "180+2"]
[Date "2023.06.20"]
[WhiteClock "0:01:33"]
[BlackClock "0:01:20"]
[Board "211"]

1. c4 e5 2. Nc3 Nf6 3. Nf3 d6 4. d4 exd4 5. Nxd4 Be7 6. g3 Nc6 7. Nxc6 bxc6 8. Bg2 Bb7 9. Qa4 O-O 10. Bxc6 Bxc6 11. Qxc6 Rb8 12. O-O Rb6 13. Qf3 h5 14. b3 c6 15. Rd1 Qc8 16. Be3 Rb7 17. Rac1 Rd8 18. Bg5 g6 19. Bxf6 1-0


[Site "https://www.chess.com"]